 Dungeon Crawl Stone Soup version 0.20.1-1-g8b1a95d (webtiles) character file.

2 digijack the Caller (level 1, 14/14 HPs)
             Began as a Centaur Wanderer on Jan 1, 2018.
             Got out of the dungeon alive.
             The game lasted 00:03:59 (164 turns).

digijack the Caller (Centaur Wanderer)               Turns: 164, Time: 00:04:00

Health: 14/14      AC:  4    Str: 14    XL:     1   Next: 33%
Magic:  0/3        EV:  9    Int: 10    God:
Gold:   50         SH:  0    Dex:  9    Spells: 3/4 levels left

rFire    . . .     SeeInvis .   e - +0 club
rCold    . . .     Gourm    .   (no shield)
rNeg     . . .     Faith    .   d - +0 robe
rPois    .         Spirit   .   (no helmet)
rElec    .         Reflect  .   (no cloak)
rCorr    +         Harm     .   (no gloves)
MR       .....                  (no barding)
Stlth    +.........             (no amulet)
Regen    0.1/turn               g - ring of resist corrosion
MPRegen  0.1/turn               (no ring)

@: very quick
A: hooves 3, deformed body, speed 2, tough skin 3
a: no special abilities


You escaped.
You were not hungry.

You visited 1 branch of the dungeon, and saw 1 of its levels.

You collected 50 gold pieces.

Inventory:

Hand Weapons
 e - a +0 club (weapon)
Armour
 d - a +0 robe (worn)
Jewellery
 g - a ring of resist corrosion (left hand)
Scrolls
 b - a scroll of teleportation
 h - a scroll of identify {unknown}
Books
 a - a book of Minor Magic

   Spells                             Type                      Level
   a - Magic Dart                     Conjuration                  1
   b - Blink                          Translocation                2
   c - Call Imp                       Summoning                    2
   d - Slow                           Hexes                        2
   e - Conjure Flame                  Conjuration/Fire             3
   f - Mephitic Cloud                 Conjuration/Poison/Air       3
 c - the Incunabulum of Creation

   Spells                             Type                      Level
   a - Summon Butterflies             Summoning                    1
   b - Recall                         Summoning/Translocation      3
Comestibles
 f - a bread ration


   Skills:
 + Level 0.2 Fighting
 + Level 1.0 Stealth
   Level 1.0 Shields
 + Level 2.4 Spellcasting
 + Level 0.1 Conjurations
   Level 2.6 Summonings
   Level 1.0 Translocations
   Level 1.0 Earth Magic


You had 3 spell levels left.
You knew the following spells:

 Your Spells              Type           Power        Failure   Level  Hunger
a - Magic Dart            Conj           #...         28%         1    ##.....


Dungeon Overview and Level Annotations

Branches:
Dungeon (1/15)

Altars:


Innate Abilities, Weirdness & Mutations

You have hooves in place of feet.
Armour fits poorly on your strangely shaped body.
You cover ground very quickly.
You have extremely tough skin. (AC +3)


Message History

Casting: Magic Dart
Confirm with . or Enter, or press ? or * to list all spells.
Aiming: Magic Dart
Press: ? - help, Shift-Dir - straight line, f/p - bat
Aim: a bat The magic dart hits the bat.
The bat is heavily wounded.
The bat hits you but does no damage. The bat hits you but does no damage.
The bat hits you but does no damage. The bat hits you but does no damage.
The bat barely misses you. The bat barely misses you.
The bat hits you but does no damage. The bat hits you but does no damage.
The bat hits you but does no damage.
There is a staircase leading out of the dungeon here.
You can't go down here!
Are you sure you want to leave the Dungeon?
This will make you lose the game! The bat barely misses you.
You have escaped!

###......................#
#....#.####.####.####.##...#
#..###...##...##...##...# #..#
#. #.⌠.##.⌠.##.⌠.##.⌠.# .# #.#
#...##...##...##...####.# #...
##.####.####.####.###...#
#.⌠.###.####.####.####.###.⌠.#
#.....................)......#
##.##........b@..........##.##
#............................#
#.⌠.###.####.####.####.###.⌠.#
#... #.# ##.####.####.###...#
#.# ... #...##...##...####.#
#. #.⌠.##.⌠.##.⌠.##.⌠.# ##.# #
#...##...##...##...###..#
.##.####.####.####.##...##
....................).###


You could see a bat.

Vanquished Creatures
  A giant cockroach (D:1)
  A goblin (D:1)
  A rat (D:1)
3 creatures vanquished.

Notes
Turn   | Place    | Note
-------+----------+-------------------------------------------
     0 | D:1      | digijack the Centaur Wanderer began the quest for the Orb.
     0 | D:1      | digijack set off with: a book of Minor Magic, a scroll of teleportation, the Incunabulum of Creation, a +0 robe, a +0 club, a bread ration
     0 | D:1      | Reached XP level 1. HP: 14/14 MP: 3/3
     3 | D:1      | Learned a level 1 spell: Magic Dart
   164 | D:$      | Got out of the dungeon alive.

Action                   || total
-------------------------++-------
Melee: Club              ||     6
       Kick              ||     1
 Cast: Magic Dart        ||     5
  Use: Potion            ||     2
Armor: Robe              ||     9
Dodge: Dodged            ||    13
